Map: Ever Dream LE

Players

EnDerr - Winner!

  • Race: Zerg Zerg
  • League: Master
  • Spawn Location: 7:00

NXZ

  • Race: Zerg Zerg
  • Spawn Location: 1:00

Event: DreamHack SC2 Masters 2020 Summer Oceania RoA

VOD

Have the link to the VOD?

Description

Time

  • Played on: June 24, 2020, 5:52 a.m.
  • Length: 4:56

All games in this series

Show
View Real Time Build Order
Export as new Build Order

EnDerr Zerg - Winner!

Build Orders: Hatch First 

Get SALT Encoding   

  12  0:00  Drone  
  13  0:12  Overlord  
  13  0:19  Drone  
  14  0:31  Drone x2  
  16  0:47  Hatchery  
  15  0:51  Drone  
  15  0:55  Drone  
  17  1:01  Drone  
  18  1:09  Extractor  
  17  1:14  Spawning Pool  
  17  1:17  Drone  
  17  1:20  Drone  
  18  1:29  Drone  
  19  1:41  Drone  
  20  1:51  Drone  
  21  2:00  Queen  
  21  2:01  Queen  
  23  2:02  Zergling x2  
  23  2:04  Drone  
  27  2:10  Metabolic Boost  
  27  2:13  Overlord  
  27  2:15  Drone  
  28  2:32  Drone x4  
  32  2:43  Hatchery  
  31  2:46  Baneling Nest  
  30  2:55  Queen  
  31  3:04  Overlord  
  31  3:05  Zergling x2  
  31  3:06  Zergling x6  
  31  3:11  Zergling x2  
  36  3:21  Overlord x2  
  36  3:33  Zergling x8  
  39  3:45  Zergling x4  
  39  3:46  Zergling x10  
  39  3:48  Baneling x5  
  46  3:54  Zergling x2  
  47  4:00  Zergling x2  
  47  4:03  Zergling x2  
  47  4:07  Zergling x2  
  48  4:11  Zergling x2  
  47  4:18  Zergling x2  
  47  4:20  Baneling x2  
  47  4:23  Zergling x8  
  47  4:27  Zergling x4  
  47  4:30  Zergling x2  
  50  4:39  Hatchery  
Show
View Real Time Build Order
Export as new Build Order

NXZ Zerg 

Build Orders: Hatch First 

Get SALT Encoding   

  12  0:01  Drone  
  13  0:13  Overlord  
  13  0:17  Drone  
  14  0:32  Drone x2  
  16  0:49  Hatchery  
  15  0:51  Drone  
  15  0:56  Drone  
  17  0:59  Drone  
  18  1:10  Extractor  
  17  1:16  Spawning Pool  
  17  1:18  Drone  
  17  1:21  Drone  
  18  1:29  Drone  
  19  1:39  Overlord  
  19  2:02  Queen x2  
  19  2:03  Zergling x6  
  26  2:10  Metabolic Boost  
  26  2:12  Drone  
  26  2:13  Drone  
  28  2:22  Drone  
  29  2:23  Drone  
  30  2:34  Drone x2  
  32  2:38  Queen  
  34  2:45  Overlord  
  34  2:47  Baneling Nest  
  34  2:50  Drone  
  34  2:58  Drone x2  
  35  3:07  Lair  
  35  3:11  Drone x4  
  39  3:15  Drone, Extractor  
  39  3:19  Drone  
  41  3:20  Drone  
  41  3:21  Drone  
  41  3:23  Drone  
  43  3:29  Drone  
  43  3:35  Overlord  
  43  3:40  Spine Crawler  
  42  3:45  Zergling x6  
  45  3:55  Zergling x2  
  45  3:56  Zergling x10  
  50  4:07  Spire  
  44  4:21  Zergling x2  
  43  4:26  Overlord x2  
  43  4:27  Extractor  
  42  4:34  Spine Crawler  
  42  4:35  Zergling x4  
Tags
 
Add a new tag
Caveats
  • Supply blocks, unpowered buildings, or Contaminate may cause inaccurate times.
  • Supply counts are checked every 10 seconds.